 Dungeon Crawl Stone Soup version 0.25.0-37-gb73750e0fb (webtiles) character file.

Game seed: 17797356032898892050

146 xccam the Sneak (level 5, -3/34 HPs)
             Began as an Octopode Assassin on July 8, 2020.
             Slain by an orc
             ... wielding a +0 trident
              (12 damage)
             ... on level 3 of the Dungeon.
             The game lasted 00:01:54 (1854 turns).

xccam the Sneak (Octopode Assassin)                 Turns: 1854, Time: 00:01:54

Health: -3/34      AC:  1    Str: 10    XL:     5   Next: 28%
Magic:  5/5        EV: 13    Int: 14    God:
Gold:   85         SH:  0    Dex: 14    Spells: 4/4 levels left

rFire    . . .     SeeInvis .   a - +2 dagger
rCold    + . .     Gourm    .   (no shield)
rNeg     . . .     Faith    .   (helmet restricted)
rPois    .         Spirit   .   (no amulet)
rElec    .         Reflect  .   f - ring of protection from cold
rCorr    .         Harm     .   (no ring)
MR       .....                  (no ring)
Stlth    ++++......             (no ring)
HPRegen  0.11/turn              (no ring)
MPRegen  0.09/turn              (no ring)
                                (no ring)
                                (no ring)

@: mighty
A: almost no armour, stealthy swim, amphibious, 8 rings, constrict 8, camouflage
1, gelatinous body 1
a: no special abilities


You were on level 3 of the Dungeon.
You were not hungry.

You visited 1 branch of the dungeon, and saw 3 of its levels.

You collected 85 gold pieces.

Inventory:

Hand Weapons
 a - a +2 dagger (weapon)
Missiles
 b - 22 poisoned darts (quivered)
 c - 2 curare-tipped darts
Jewellery
 f - a ring of protection from cold (left tentacle)
Wands
 q - a wand of flame (15)
Scrolls
 g - 2 scrolls of amnesia {unknown}
 h - 2 scrolls of enchant armour {unknown}
 i - 3 scrolls of random uselessness {unknown}
 k - a scroll of noise {unknown}
 l - 2 scrolls of remove curse {unknown}
 o - a scroll of enchant weapon {unknown}
 p - a scroll of identify {unknown}
Potions
 n - a potion of haste {unknown}
Comestibles
 d - 7 rations
 j - 4 chunks of flesh


   Skills:
 - Level 2.0 Fighting
 + Level 5.3 Short Blades
 - Level 2.0 Throwing
 - Level 1.0 Dodging
 - Level 5.3 Stealth


You had 4 spell levels left.
You didn't know any spells.
Your spell library was empty.

Dungeon Overview and Level Annotations

Branches:
Dungeon (3/15)

Altars:


Innate Abilities, Weirdness & Mutations

You cannot wear most types of armour.
You are very stealthy in the water. (Stealth+)
You are amphibious.
You can wear up to eight rings at the same time.
You can use your tentacles to constrict eight enemies at once.
Your skin changes colour to match your surroundings (Stealth+).
Your rubbery body absorbs attacks. (AC +1, EV +1)


Message History

A +2 dagger of pain.
There is something else lying underneath.
The floor.
Evoke which item? (* to show all) (? for menu, Esc to quit)
Aiming: Throw Flame
Press: ? - help, Shift-Dir - straight line, f - orc priest
Aim: an orc priest, wielding a +0 war axe The puff of flame hits the orc priest.
The orc priest is moderately wounded.
Unknown command.
It was a potion of might.
You feel very mighty all of a sudden.
The orc priest hits you with a +0 war axe!
* * * LOW HITPOINT WARNING * * *
The orc barely misses you.
The orc shouts!
You puncture the orc priest!
You kill the orc priest!
The orc hits you from afar with a +0 trident!
You die...

##### ######...#
#........##########
######(##@.o.oo...))...#
##...##.##.##########.#.#
#.....#.##.# .#
#.......##.# .. ..
#.....####.# #.# ......
##...## #.# #.# ......o
##.## #.# #.# .......o
#.# #.# #.##.. ....#. #.#
#.# #.#..


You could see 3 orcs.

Vanquished Creatures
  An orc priest (D:3)
  An orc wizard (D:3)
  6 adders (D:2)
  2 oozes (D:2)
  A ball python (D:1)
  5 bats
  2 giant cockroaches
  2 goblins
  4 hobgoblins
  4 frilled lizards
  5 kobolds
  2 rats
35 creatures vanquished.

Notes
Turn   | Place    | Note
-------+----------+-------------------------------------------
     0 | D:1      | xccam the Octopode Assassin began the quest for the Orb.
     0 | D:1      | Reached XP level 1. HP: 14/14 MP: 1/1
    95 | D:1      | Reached XP level 2. HP: 19/19 MP: 2/2
   829 | D:2      | Reached XP level 3. HP: 23/24 MP: 3/3
  1121 | D:2      | Reached XP level 4. HP: 29/29 MP: 4/4
  1842 | D:3      | Reached skill level 5 in Short Blades
  1842 | D:3      | Reached XP level 5. HP: 15/34 MP: 5/5
  1854 | D:3      | Slain by an orc

Illustrated notes

Levels and vault maps discovered:
D:1:      dpeg_arrival_rooms_a, layout_basic, serial_glass, glass_columns_b,
          glass_columns_a, roderic_lattice_a
D:2:      layout_basic, first_ration, serial_glass, glass_columns_a,
          glass_columns_b
D:3:      layout_loops_ring, minmay_fountain_box, chequers_serial_rivers_room_b,
          hangedman_abyss_or_decor_lesser_grid, uniq_terence

Skill      XL: |  1  2  3  4 |
---------------+-------------+-----
Short Blades   | 3 4 5 |  5.3
Fighting       | |  2.0
Throwing       | |  2.0
Dodging        | |  1.0
Stealth        | |  5.3

Action                   |  1- 3 |  4- 6 || total
-------------------------+-------+-------++-------
Melee: Dagger            |    45 |    26 ||    71
       Tentacles         |    11 |     3 ||    14
       Constrict         |     8 |     3 ||    11
Evoke: Wand              |       |     1 ||     1
  Use: Potion            |       |     2 ||     2
 Stab: Sleeping          |     5 |     5 ||    10
  Eat: Chunk             |       |     3 ||     3
Armor: Skin              |     1 |     1 ||     2
Dodge: Dodged            |    20 |    10 ||    30
